 Dungeon Crawl Stone Soup version 0.17-a0-755-g4391640 (webtiles) character file.

958 wvc the Basher (level 8, 0/80 HPs)
             Began as an Ogre Wanderer on Apr 22, 2015.
             Slain by an orc
             ... wielding a +2 trident of flaming
              (8 damage)
             ... on level 6 of the Dungeon.
             The game lasted 00:27:32 (8033 turns).

wvc the Basher (Ogre Wanderer)                      Turns: 8033, Time: 00:27:34

Health: 0/80       AC:  4    Str: 19    XL:     8   Next: 14%
Magic:  13/13      EV: 10    Int: 11    God:
Gold:   287        SH:  0    Dex: 10    Spells: 3 memorised, 9 levels left

rFire  . . .     SeeInvis .     z - +1 flail (crush)
rCold  . . .     Clarity  .     d - +1 robe
rNeg   + . .     SustAb   .     (no shield)
rPois  .         Gourm    .     (helmet restricted)
rElec  .         Spirit   .     (no cloak)
rCorr  .         Warding  +     (gloves unavailable)
rMut   .         Stasis   .     (boots unavailable)
MR     .....                    l - macabre finger necklace {Ward rN+}
Stlth  +.........               (no ring)
                                (no ring)
                                (no ring)

@: about to teleport, repel missiles, not resistant to hostile enchantments,
very unstealthy
A: unfitting armour, tough skin 1
a: no special abilities


You were on level 6 of the Dungeon.
You were not hungry.

You visited 1 branch of the dungeon, and saw 6 of its levels.

You collected 287 gold pieces.

Inventory:

Hand weapons
 e - a +2 whip of electrocution
 q - a +0 blowgun
 s - a +0 morningstar
 z - a +1 flail of crushing (weapon)
Missiles
 b - 13 poisoned needles
 n - a large rock (quivered)
 u - a throwing net
Armour
 d - a +1 robe (worn)
Magical staves
 y - an uncursed staff of air
Jewellery
 j - an uncursed amulet of the gourmand
 l - the macabre finger necklace (around neck) {Ward rN+}
   (You found it on level 4 of the Dungeon)

   [amulet of warding]

   It may prevent the melee attacks of summoned creatures.
   It protects you from negative energy.
Scrolls
 m - a scroll of fog
 o - 2 scrolls of remove curse
 v - a scroll of amnesia
Potions
 f - a potion of agility
 g - 3 potions of curing
 h - a potion of might
 i - 2 potions of haste
 p - a potion of mutation {unknown}
 r - a potion of magic
 w - 2 potions of flight
Books
 a - a book of Minor Magic

   Spells                             Type                      Level
   a - Magic Dart                     Conjuration                  1
   b - Blink                          Translocation                2
   c - Call Imp                       Summoning                    2
   d - Repel Missiles                 Charms/Air                   2
   e - Slow                           Hexes                        2
   f - Conjure Flame                  Conjuration/Fire             3
   g - Mephitic Cloud                 Conjuration/Poison/Air       3
 c - the Almanac of the Frostbite

   Spells                             Type                      Level
   a - Throw Frost                    Conjuration/Ice              2
   b - Ensorcelled Hibernation        Hexes/Ice                    2
Comestibles
 t - a meat ration
 x - a chunk of flesh


   Skills:
 - Level 5.2 Fighting
 * Level 10.4 Maces & Flails
 - Level 1.7 Dodging
   Level 1.7 Shields
 - Level 3.8 Spellcasting
 - Level 1.0 Charms
   Level 1.0 Summonings


You had 9 spell levels left.
You knew the following spells:

 Your Spells              Type           Power        Failure   Level  Hunger
a - Magic Dart            Conj           #...         30%         1    #......
b - Repel Missiles        Chrm/Air       #.....       34%         2    ##.....
c - Blink                 Tloc           N/A          43%         2    ##.....


Dungeon Overview and Level Annotations

Branches:
Dungeon (6/15)
 Temple: D:4-7

Altars:
Dithmenos
Qazlal

Annotations:
D:5 lightmor's ghost, experienced DEIE


Innate Abilities, Weirdness & Mutations

You are too large for most types of armour.
You have tough skin (AC +1).


Message History

Unknown command.
You sock the orc!
You kill the orc!
The giant cockroach bites you but does no damage.
The centaur wields a runed shortbow.
It bursts into flame!
The centaur shoots an arrow.
The arrow is repelled.
The orc hits you from afar with a trident of flaming.
* * * LOW HITPOINT WARNING * * *
The orc burns you.
* * * LOW HITPOINT WARNING * * *
The orc barely misses you.
The orc priest hits you from afar with a trident.
* * * LOW HITPOINT WARNING * * *
You hit the orc.
The orc is moderately wounded.
The giant cockroach closely misses you.
The centaur shoots an arrow.
The arrow is repelled.
The orc hits you with a flail!
* * * LOW HITPOINT WARNING * * *
The orc hits you from afar with a trident of flaming!
You die...

# #.# #.....######..
..#####.###.............
........................
..............##..†.#....
............c.##....##.#.
.........................
.#.............#....#....
#.............#....#....
#......@o.....#....#....
###...()s...............
......ooo..........#.#..
###....r##..............
#.....................
#...#.............#...
....... ..... ....... ...


You could see a centaur, an orc priest, 3 orcs, a giant cockroach and a rat.

Vanquished Creatures
  A scorpion (D:4)
  A wyvern skeleton (D:6)
  2 crimson imps
  3 orc priests
  A quasit (D:6)
  A giant frog zombie (D:5)
  A centaur skeleton (D:4)
  A jelly (D:5)
  4 orc wizards
  2 worker ants (D:4)
  An iguana (D:3)
  2 hound skeletons (D:6)
  11 gnolls
  9 adders
  An adder skeleton (D:5)
  9 worms
  3 giant geckos
  26 orcs
  10 bats
  A bat skeleton (D:5)
  3 giant cockroaches (D:3)
  7 goblins
  18 hobgoblins
  8 jackals
  4 quokkas
  3 ball pythons
  4 giant newts
  10 kobolds
  14 rats
161 creatures vanquished.

Notes
Turn   | Place    | Note
--------------------------------------------------------------
     0 | D:1      | wvc, the Ogre Wanderer, began the quest for the Orb.
     0 | D:1      | wvc set off with: a book of Minor Magic, a +0 mace, the Almanac of the Frostbite, a +0 robe, a bread ration
     0 | D:1      | Reached XP level 1. HP: 19/19 MP: 5/5
    64 | D:1      | Reached skill level 1 in Maces & Flails
   266 | D:1      | Identified the Almanac of the Frostbite
   279 | D:1      | Learned a level 1 spell: Magic Dart
   351 | D:1      | Reached XP level 2. HP: 28/28 MP: 2/6
  1139 | D:2      | Reached XP level 3. HP: 16/35 MP: 8/8
  1456 | D:2      | Found a shadowy altar of Dithmenos.
  2070 | D:3      | Reached XP level 4. HP: 28/44 MP: 9/9
  2201 | D:3      | Reached skill level 4 in Maces & Flails
  2547 | D:3      | Reached XP level 5. HP: 49/53 MP: 10/10
  3105 | D:3      | Reached skill level 5 in Maces & Flails
  3459 | D:3      | Reached XP level 6. HP: 35/63 MP: 11/11
  3663 | D:4      | Learned a level 2 spell: Repel Missiles
  3667 | D:4      | Learned a level 2 spell: Blink
  3678 | D:4      | Reached skill level 6 in Maces & Flails
  3892 | D:4      | Found a stormy altar of Qazlal.
  5079 | D:5      | Entered Level 5 of the Dungeon
  5103 | D:5      | Reached skill level 7 in Maces & Flails
  5414 | D:5      | Reached skill level 5 in Fighting
  5713 | D:5      | Noticed lightmor's ghost (experienced DEIE)
  5725 | D:4      | Reached XP level 7. HP: 51/72 MP: 12/12
  5876 | D:3      | Reached skill level 8 in Maces & Flails
  7089 | D:5      | Reached skill level 9 in Maces & Flails
  7846 | D:6      | Reached XP level 8. HP: 58/80 MP: 13/13
  7855 | D:6      | Reached skill level 10 in Maces & Flails
  8033 | D:6      | Slain by an orc

Action                   |  1- 3 |  4- 6 |  7- 9 || total
-------------------------+-------+-------+-------++-------
Melee: Mace              |    98 |   213 |       ||   311
       Morningstar       |       |    75 |    55 ||   130
       Whip              |       |       |    84 ||    84
       Flail             |       |       |    18 ||    18
 Fire: Blowgun           |       |       |     4 ||     4
Throw: Large rock        |     4 |     9 |     5 ||    18
       Throwing net      |       |       |     2 ||     2
 Cast: Magic Dart        |    14 |       |     3 ||    17
       Repel Missiles    |       |     1 |     1 ||     2
  Use: Scroll            |     8 |     5 |     6 ||    19
       Potion            |       |       |     3 ||     3
 Stab: Sleeping          |       |     1 |       ||     1
       Held in net/web   |       |       |     1 ||     1
  Eat: Chunk             |     2 |     6 |     3 ||    11
       Beef jerky        |     1 |       |       ||     1
       Bread ration      |       |     3 |     1 ||     4
